 Dungeon Crawl Stone Soup version 0.30-a0-738-g116ff8c4af (webtiles) character file.

Game seed: 6495280892330151430

104464 browni3141 the Lord of Darkness (level 15, -9/69 HPs)
             Began as a Felid Necromancer on Feb 4, 2023.
             Was the Champion of Kikubaaqudgha.
             Hit by a javelin thrown by a merfolk javelineer (26 damage)
             ... on level 4 of the Shoals.
             The game lasted 04:05:08 (46316 turns).

browni3141 the Lord of Darkness (FeNe)             Turns: 46316, Time: 04:05:09

Health: -9/69      AC:  3    Str:  4    XL:     15   Next: 55%
Magic:  35/35      EV: 29    Int: 27    God:    Kikubaaqudgha [******]
Gold:   997        SH:  0    Dex: 20    Spells: 7/45 levels left
                                        Lives:  0   Deaths: 3

rFire   . . .      SeeInvis +      - Unarmed
rCold   + . .      Faith    .    (shield unavailable)
rNeg    + + +      Spirit   .    (body armour unavailable)
rPois   +          Reflect  .    (helmet unavailable)
rElec   .          Harm     .    (cloak unavailable)
rCorr   +          Rampage  .    (gloves unavailable)
Will    +++..                    (boots unavailable)
Stlth   +++++                    q - amulet "Okuqiz" {RegenMP rCorr Dex+2}
HPRegen 0.31/turn                Q - ring of willpower
MPRegen 0.64/turn                f - ring "Jeull" {Wiz rPois rN+++ Int+4 Stlth-}

@: about to teleport, quick
A: very small, claws 1, fangs 3, see invisible, speed 1, shaggy fur 3, stealthy
paws, no weapons or thrown items, no armour, multi-lived
}: 1/15 runes: barnacled
a: Renounce Religion, Unearth Wretches, Torment


You were on level 4 of the Shoals.
You worshipped Kikubaaqudgha.
Kikubaaqudgha was exalted by your worship.
You visited 6 branches of the dungeon, and saw 31 of its levels.
You also visited: Ice Cave.

You collected 3485 gold pieces.
You spent 2488 gold pieces at shops.

Inventory:

Jewellery
 d - an amulet of reflection
 f - the ring "Jeull" (right paw) {Wiz rPois rN+++ Int+4 Stlth-}
   (You bought it in a shop on level 2 of the Orcish Mines)

   [ring of wizardry]

   It improves your spell success rate.
   Int:       It affects your intelligence (+4).
   rPois:     It protects you from poison.
   rN:        It renders you almost immune to negative energy.
   Stlth:     It makes you less stealthy.
 g - a +5 ring of evasion
 j - a +6 ring of strength
 n - a +6 ring of strength
 q - the amulet "Okuqiz" (around neck) {RegenMP rCorr Dex+2}
   (You acquired it on level 2 of the Orcish Mines)

   [amulet of magic regeneration]

   It increases your rate of magic regeneration.
   Dex:       It affects your dexterity (+2).
   rCorr:     It protects you from acid and corrosion.
 A - a ring of poison resistance
 C - a ring of protection from cold
 D - a +4 ring of slaying
 O - a +6 ring of intelligence
 Q - a ring of willpower (left paw)
 R - a ring of resist corrosion
 U - a +5 ring of evasion
 W - a +6 ring of strength
 X - a +6 ring of intelligence
Wands
 t - a wand of digging (33)
 E - a wand of paralysis (2)
 P - a wand of mindburst (1)
 V - a wand of polymorph (5)
Scrolls
 b - 6 scrolls of enchant weapon
 e - 7 scrolls of noise
 h - 8 scrolls of identify
 i - 3 scrolls of brand weapon
 k - 9 scrolls of teleportation
 m - 2 scrolls of vulnerability
 B - 4 scrolls of magic mapping
 G - 5 scrolls of immolation
 K - 2 scrolls of fog
 S - a scroll of acquirement
 Y - 2 scrolls of fear
Potions
 a - 8 potions of magic
 c - 3 potions of cancellation
 l - 4 potions of flight
 o - 5 potions of might
 p - 8 potions of ambrosia
 r - 2 potions of berserk rage
 u - a potion of heal wounds
 v - 4 potions of attraction
 w - 6 potions of degeneration
 z - 2 potions of lignification
 F - 2 potions of brilliance
 H - a potion of haste
 I - 5 potions of curing
 L - 4 potions of mutation
 M - a potion of invisibility
 N - a potion of resistance
Miscellaneous
 s - a tin of tremorstones (2/2)
 x - a piece from Xom's chessboard (15/15)
 T - a box of beasts (inert)


   Skills:
 - Level 10.0 Fighting
 - Level 14.0 Dodging
 - Level 16.0 Stealth
 - Level 8.0 Unarmed Combat
 * Level 15.6 Spellcasting
 - Level 6.0 Hexes
 * Level 16.3 Necromancy
 - Level 5.0 Transmutations
 - Level 6.0 Ice Magic
 - Level 4.0 Earth Magic
 - Level 8.0 Evocations


You had 7 spell levels left.
You knew the following spells:

 Your Spells              Type           Power      Damage    Failure   Level
a - Dispel Undead         Necr           83%        3d27      1%          4
b - Vampiric Draining     Necr           83%        2d11      0%          3
c - Animate Dead          Necr           83%        N/A       1%          4
d - Agony                 Necr           83%        N/A       1%          5
e - Passwall              Tmut/Erth      37%        N/A       1%          2
f - Death Channel         Necr           41%        N/A       1%          6
g - Borgnjor's Vile Clut  Necr/Erth      33%        N/A       1%          5
h - Anguish               Hex/Necr       34%        N/A       1%          4
i - Sublimation of Blood  Necr           83%        N/A       0%          2
j - Apportation           Tloc           42%        N/A       1%          1
k - Blink                 Tloc           42%        N/A       1%          2

Your spell library contained the following spells:

 Spells                   Type           Power      Damage    Failure   Level
 Necrotise                Necr           100%       1d9       0%          1
 Foxfire                  Conj/Fire      84%        2x1d8     1%          1
 Magic Dart               Conj           84%        1d7       1%          1
 Sandblast                Erth           84%        2d18      1%          1
 Summon Small Mammal      Summ           84%        N/A       1%          1
 Call Imp                 Summ           21%        N/A       1%          2
 Scorch                   Fire           42%        2d7       1%          2
 Static Discharge         Conj/Air       42%        2-4/arc   1%          2
 Dazzling Flash           Conj/Hex       74%        N/A       1%          3
 Frozen Ramparts          Ice            100%       1d16      1%          3
 Hailstorm                Conj/Ice       37%        3d9       1%          3
 Stone Arrow              Conj/Erth      62%        3d10      1%          3
 Summon Guardian Golem    Hex/Summ       37%        N/A       1%          3
 Tukima's Dance           Hex            52%        N/A       1%          3
 Ice Form                 Ice/Tmut       50%        N/A       1%          4
 Simulacrum               Ice/Necr       34%        N/A       1%          6
 Summon Ice Beast         Ice/Summ       37%        N/A       2%          4
 Gell's Gravitas          Tloc           21%        N/A       3%          3
 Mephitic Cloud           Conj/Pois/Air  21%        N/A       3%          3
 Teleport Other           Tloc           21%        N/A       3%          3
 Vhi's Electric Charge    Tloc/Air       42%        N/A       3%          3
 Blade Hands              Tmut           24%        N/A       3%          5
 Silence                  Hex/Air        18%        N/A       9%          5
 Summon Mana Viper        Hex/Summ       37%        N/A       9%          5
 Flame Wave               Conj/Fire      21%        2d8       10%         4
 Manifold Assault         Tloc           21%        N/A       10%         4
 Olgreb's Toxic Radiance  Pois           21%        N/A       10%         4
 Alistair's Intoxication  Tmut/Pois      22%        N/A       10%         5
 Arcjolt                  Conj/Air       10%        1d20      26%         5
 Fireball                 Conj/Fire      10%        3d6       26%         5
 Lightning Bolt           Conj/Air       10%        1d23      26%         5
 Summon Forest            Summ/Tloc      10%        N/A       26%         5
 Haunt                    Necr/Summ      30%        N/A       28%         7
 Ozocubu's Refrigeration  Ice            26%        4d13      54%         7
 Dispersal                Tloc           10%        N/A       80%         6
 Starburst                Conj/Fire      10%        6d5       80%         6
 Summon Cactus Giant      Summ           10%        N/A       80%         6
 Storm Form               Tmut/Air       17%        N/A       95%         7
 Orb of Destruction       Conj           10%        9d6       100%        7
 Spellforged Servitor     Conj/Summ      10%        N/A       100%        7
 Borgnjor's Revivificati  Necr           41%        N/A       9%          8
 Infestation              Necr           41%        N/A       9%          8
 Necromutation            Tmut/Necr      34%        N/A       58%         8
 Death's Door             Necr           41%        N/A       73%         9
 Disjunction              Tloc           10%        N/A       100%        8
 Ignition                 Fire           10%        3d5       100%        8
 Portal Projectile        Hex/Tloc       Unusable   N/A       N/A         3

Dungeon Overview and Level Annotations

Branches:
Dungeon (15/15)            Temple (1/1) D:7            Lair (5/5) D:9
 Shoals (4/4) Lair:3        Snake (4/4) Lair:3        Slime (0/5) Lair:4
    Orc (2/2) D:11            Elf (0/3) Orc:2        Vaults (0/5) D:14
 Depths (0/4) D:15          IceCv (visited)

Altars:
Ashenzari
Cheibriados
Dithmenos
Elyvilon
Fedhas
Gozag
Hepliaklqana
Kikubaaqudgha
Makhleb
Nemelex Xobeh
Okawaru
Qazlal
Ru
Sif Muna
Trog
Uskayaw
Vehumet
Wu Jian
Xom
Yredelemnul
Zin
The Shining One

Shops:
D:1 [   D:10 (   D:11 (   Orc:2 **[*=!

Annotations:
D:5 2 transporters, pigah's ghost, novice OpWn
D:6 3 runed translucent doors, exclusions: phantom and wight, browni3141's ghost, novice HOFi
D:8 exclusions: cyclops and 2 howler monkeys
D:9 exclusion: downstairs
D:12 2 transporters, Esyecac's ghost, journeyman GnWn
D:15 Roxanne
Lair:4 exclusion: 3 oklob plants
Lair:5 1 runed translucent door, exclusion: door, TANE's ghost, journeyman DsFE
Shoals:4 1 exclusion
Snake:1 exclusions: anaconda, black mamba, 3 nagas, naga mage and nagaraja
Snake:2 exclusions: 2 salamanders and salamander tyrant
Snake:4 Mara


Innate Abilities, Weirdness & Mutations

You have sharp claws.
You have razor-sharp teeth.
You have supernaturally acute eyesight. (SInv)
You cover ground quickly. (Speed+)
Your thick and shaggy fur keeps you warm. (AC +3, rC+)
Your paws help you pounce on unaware monsters.
You are incapable of wielding weapons or throwing items.
You cannot wear armour.
You gain extra lives every three experience levels.


Message History

You hear a shout! x4
A merfolk comes into view.
It is wielding a +0 trident and quivering silver boomerangs.
A merfolk javelineer comes into view.
It is wielding a +0 spear and quivering silver javelins.
The merfolk throws a boomerang.
The boomerang hits you!
Found a scroll of vulnerability.
As you read the scroll of teleportation, it crumbles to dust.
You feel strangely unstable.
A wind drake comes into view.
The merfolk throws a boomerang.
The boomerang misses you.
Okay, then.
You feel strangely stable.
Your magical effects are unravelling.
You feel magically purged.
The sentinel's mark upon you fades away.
A wind drake comes into view.
The merfolk closely misses you. The merfolk hits you with a +0 trident!
Okay, then.
As you read the scroll of teleportation, it crumbles to dust.
You feel strangely unstable.
The merfolk javelineer throws a silver javelin.
The silver javelin pierces through you!
A merfolk javelineer comes into view. It is wielding a +0 heavy spear.
The merfolk misses you.
The merfolk hits you with a +0 trident!!
* * * LOW HITPOINT WARNING * * *
Your merfolk impaler zombie hits the merfolk.
As you read the scroll of fear, it crumbles to dust.
You assume a fearsome visage.
The merfolk javelineer resists with almost no effort.
The merfolk javelineer looks frightened!
The merfolk looks frightened! x2; The wind drake looks frightened!
The wind drake easily resists.
The merfolk javelineer throws a javelin.
The javelin misses you.
A merfolk comes into view. It is wielding a +0 trident.
Your merfolk impaler zombie hits the merfolk.
The merfolk javelineer throws a javelin.
The javelin pierces through you!!
You die...
Kikubaaqudgha rasps: "You have failed me!
Welcome... death!"

~*,,#~~~~....#.~~~~~~~~~#######~~
*~,,#.~~~......~~~~~~~~##~~~~~##~
~,,,#....m....~.~~~~~~##~*,,,,~##
,,*,#...........~~~~~~#~*,,~~,,~#
,*,#..~~~~~......~~~..#~,,~*~*,,#
,~#~~~~~~m~......~~m.(#~,~**~~,,#
*#~~~~~~~~~~....~Z~~.~#~,~~~~,,,#
~~~~~~~~~~~~~...~~~~$~#~,,*~,,*,#
~~..~~~~~~~~~.##@~~~~~#*~,,,,*,*~
~,,..~~~~~~k~....~~~~~.#*~,,,~*~~
,,,,.~~~~m~~~..~~~m~~...******~~~
,,,,,~~~~~~k~.~~~~...~..,,,,~~~~~
,,,,,,...~~~~.~~.~~~~~..,,,,~~~~~
,,,,,,.....?~~~~.~~~~~..,,,~~~~~~
,,,,,,,...#.~~~~~~~~~~~.~~~~~~~~~
,,,,,,~~,,..~~~~~~~~~~~~~~~~*****
,,,,,,,~~~~~~~~~~~~~~~~~~~~**~~~~


You could see 2 merfolk javelineers, 2 wind drakes, 3 merfolk and a friendly
merfolk impaler zombie.

Vanquished Creatures
  An ironbound preserver (D:14)
  A very ugly thing (D:15)
  7 merfolk impalers
  3 merfolk javelineers
  A great orb of eyes (D:15)
  A rakshasa (D:15)
  9 hydras
  A catoblepas (D:15)
  5 centaur warriors
  3 merfolk avatars
  2 salamander tyrants (Snake:3)
  2 alligator snapping turtles
  A death knight (D:15)
  8 anacondas
  4 boulder beetles
  5 two-headed ogres
  4 naga warriors
  4 death yaks
  A deep troll earth mage (D:15)
  2 shock serpents
  Nergalle (D:11)
  4 orc high priests (Orc:2)
  2 naga sharpshooters (Snake:1)
  Sonja (Lair:5)
  A skeletal warrior (D:15)
  4 sea snakes
  7 salamander mystics
  A naga ritualist (Snake:2)
  3 mana vipers (Snake:1)
  5 harpies
  A wolf spider (shapeshifter) (D:15)
  17 ugly things
  2 deep elf pyromancers
  10 salamanders
  10 manticores
  4 orc sorcerers
  A wolf spider (Lair:5)
  3 cyclopes
  A faun (Shoals:1)
  17 black mambas
  3 merfolk sirens
  3 guardian serpents
  3 ice statues (IceCv)
  10 naga magi
  A gargoyle (D:13)
  7 cane toads
  4 rime drakes
  3 freezing wraiths (D:15)
  2 kobold demonologists (D:14)
  A komodo dragon (shapeshifter) (D:13)
  6 komodo dragons
  An efreet (D:15)
  4 polar bears
  6 trolls
  14 merfolk
  Grinder (D:4)
  A queen bee (Lair:3)
  5 snapping turtles
  8 blink frogs
  5 wind drakes
  Prince Ribbit (D:6)
  5 dream sheep
  A raiju (shapeshifter) (D:15)
  6 water elementals
  11 slime creatures
  6 wyverns
  22 yaks
  2 wraiths
  A steam dragon (Lair:5)
  6 basilisks
  A death yak simulacrum (IceCv)
  13 nagas
  19 water moccasins
  2 acid dragons
  A cane toad zombie (Lair:2)
  An acid dragon (shapeshifter) (D:14)
  2 hydra simulacra (IceCv)
  A swamp drake (Lair:5)
  25 orc warriors
  4 ice beasts
  2 black bears
  5 ogres
  5 wolves (Lair:2)
  13 centaurs
  A torpor snail zombie (Lair:2)
  Blork the orc (D:4)
  3 kobold brigands
  10 bullfrogs
  2 scorpions
  A gnoll sergeant (D:5)
  A cane toad simulacrum (IceCv)
  10 wights
  A yak zombie (Lair:2)
  35 killer bees
  4 howler monkeys
  An electric eel (Lair:3)
  3 hounds
  A jelly (D:8)
  A gnoll bouda (D:8)
  22 orc priests
  33 orc wizards
  Jessica (D:2)
  Terence (D:3)
  An iguana (D:5)
  2 hell rats (Lair:5)
  A polar bear simulacrum (IceCv)
  A wolf simulacrum (IceCv)
  Robin (D:2)
  13 gnolls
  11 adders
  3 white imps (Lair:5)
  2 ufetubi
  3 dart slugs
  A worm (D:2)
  60 orcs
  7 bats
  6 endoplasms
  A giant cockroach (D:2)
  11 goblins
  10 hobgoblins
  3 quokkas
  3 ball pythons
  4 frilled lizards
  15 kobolds
  3 rats
  2 tentacles (Shoals:4)
699 creatures vanquished.

Vanquished Creatures (collateral kills)
  A kraken (Shoals:4)
  Aizul (Snake:4)
  2 merfolk impalers (Shoals:1)
  2 merfolk javelineers
  A fire dragon (Lair:5)
  A salamander tyrant (Snake:3)
  3 hydras
  2 catoblepae
  An anaconda (Snake:1)
  2 merfolk aquamancers
  Erica (D:11)
  An alligator snapping turtle (Shoals:2)
  A two-headed ogre (D:13)
  Urug (Lair:5)
  8 death yaks
  2 naga sharpshooters
  A shock serpent (Snake:1)
  3 sea snakes
  2 naga ritualists
  A swamp dragon (Lair:5)
  An orc knight (Orc:2)
  A mana viper (Snake:1)
  5 harpies
  2 salamanders (Snake:3)
  4 ugly things
  7 manticores
  3 cyclopes
  4 naga magi
  A water nymph (Shoals:3)
  5 black mambas
  7 cane toads
  A torpor snail (Lair:4)
  2 freezing wraiths (D:14)
  A kobold demonologist (D:14)
  2 komodo dragons
  4 rime drakes (Lair:5)
  A polar bear (Lair:2)
  8 merfolk
  A troll (D:13)
  A wind drake (Shoals:2)
  3 hornets (Lair:5)
  4 snapping turtles
  7 dream sheep
  14 blink frogs
  2 spriggans (Lair:3)
  5 water elementals
  18 yaks
  10 wyverns
  A redback (Lair:5)
  A steam dragon (Lair:5)
  3 basilisks
  3 nagas
  An acid dragon (D:10)
  12 water moccasins
  3 orc warriors
  A black bear (Lair:3)
  An ogre (Orc:1)
  3 wolves (Lair:3)
  4 centaurs
  A kobold brigand (D:10)
  4 bullfrogs
  A jelly (D:8)
  3 wights (D:9)
  7 killer bees
  A howler monkey (D:8)
  4 orc priests
  A gnoll bouda (D:7)
  2 iguanas (Lair:5)
  2 hell rats (Lair:5)
  2 orc wizards
  2 wolf simulacra (IceCv)
  2 gnolls
  8 white imps (Lair:5)
  10 orcs
  3 ball pythons
247 creatures vanquished.

Vanquished Creatures (others)
  A merfolk impaler (Shoals:1)
  3 hydras
  2 boulder beetles
  2 alligators (Lair:5)
  2 centaur warriors
  3 death yaks
  2 shock serpents
  A fire crab (Lair:5)
  2 sea snakes (Shoals:2)
  An anaconda zombie (Snake:3)
  A deep elf zephyrmancer (D:15)
  3 ugly thing zombies (D:14)
  3 manticores
  A merfolk siren (Shoals:2)
  An elephant (Lair:4)
  A naga mage (Snake:1)
  A shock serpent zombie (Snake:3)
  An alligator snapping turtle zombie (Shoals:1)
  9 black mambas
  3 cane toads
  3 torpor snails
  3 komodo dragons
  4 sea snake zombies
  3 merfolk
  A hydra zombie (Lair:5)
  A harpy zombie (D:11)
  A wind drake (Shoals:4)
  2 dream sheep (Lair:3)
  4 snapping turtles
  4 black mamba zombies
  A wind drake zombie (Shoals:2)
  A basilisk (Lair:3)
  3 yaks
  3 water moccasins
  3 two-headed ogre zombies
  2 cane toad zombies (Lair:2)
  2 orc warriors (Orc:2)
  2 wolves
  A manticore zombie (Shoals:2)
  3 blink frog zombies
  A dream sheep zombie (Lair:3)
  7 merfolk zombies
  A snapping turtle zombie (Shoals:1)
  A rime drake zombie (Lair:5)
  2 salamander zombies (Snake:4)
  A komodo dragon zombie (D:13)
  2 bullfrogs (Lair:2)
  5 wyvern zombies (Lair:5)
  2 cyclops zombies (D:14)
  6 water moccasin zombies
  8 yak zombies
  A troll zombie (D:13)
  An electric eel (D:11)
  3 bullfrog zombies
  4 centaur zombies (D:11)
  3 orc priests
  2 basilisk zombies
  2 hell rats (Lair:5)
  An orc wizard (D:11)
  7 killer bee zombies
  An acid dragon zombie (D:14)
  2 ogre zombies
  2 kobold zombies (D:10)
  A hound zombie (D:4)
  3 howler monkey zombies
  A white imp (Lair:5)
  An ufetubus (D:6)
  2 gnoll zombies (D:7)
  22 orc zombies
  An adder zombie (D:4)
  4 orcs
  A dart slug zombie (D:4)
  A hobgoblin zombie (D:4)
  60 fungi
  203 plants
  22 tentacles (Shoals:4)
477 creatures vanquished.

Grand Total: 1423 creatures vanquished

Notes
Turn   | Place    | Note
-------+----------+-------------------------------------------
     0 | D:1      | browni3141 the Felid Necromancer began the quest for the
                  | Orb.
     0 | D:1      | Reached XP level 1. HP: 7/7 MP: 4/4
   223 | D:1      | Found Taymen's Antique Armour Shoppe.
   783 | D:2      | Reached XP level 2. HP: 11/11 MP: 0/6
   977 | D:2      | Reached XP level 3. HP: 14/14 MP: 5/7
  1214 | D:2      | Reached skill level 5 in Necromancy
  1353 | D:2      | Learned a level 3 spell: Vampiric Draining
  1365 | D:2      | Reached XP level 4. HP: 18/18 MP: 7/9
  1370 | D:2      | Learned a level 4 spell: Animate Dead
  1472 | D:2      | Noticed Jessica
  1825 | D:2      | Noticed Robin
  1928 | D:2      | Killed Robin
  2755 | D:3      | Noticed a scorpion
  3064 | D:3      | Found an opulent altar of Gozag.
  3092 | D:3      | Noticed Terence
  3106 | D:3      | Reached XP level 5. HP: 21/21 MP: 8/10
  3384 | D:3      | Found a shadowy altar of Dithmenos.
  3704 | D:4      | Noticed Grinder
  3772 | D:4      | Noticed a black bear
  3822 | D:5      | Entered Level 5 of the Dungeon
  3883 | D:5      | Found a blossoming altar of Fedhas.
  3892 | D:5      | Noticed an ice beast
  3933 | D:5      | Killed an ice beast
  3934 | D:5      | Gained mutation: You are covered in thick fur. (AC +2)
                  | [Felid growth]
  3934 | D:5      | Reached XP level 6. HP: 24/24 MP: 2/12
  4179 | D:5      | You fall into a shaft and drop 3 floors!
  4294 | D:7      | Found a sacrificial altar of Ru.
  4335 | D:7      | Noticed an ice beast
  4370 | D:7      | Killed an ice beast
  4466 | D:7      | Noticed an orc warrior
  4517 | D:7      | Killed an orc warrior
  4518 | D:7      | Reached XP level 7. HP: 13/27 MP: 8/14
  5127 | D:5      | Found a burning altar of Makhleb.
  5128 | D:5      | Found a glowing golden altar of the Shining One.
  5159 | D:5      | Found a transporter.
  5162 | D:5      | Found a transporter.
  5507 | D:5      | Noticed pigah's ghost (novice OpWn)
  5611 | D:5      | Found a broken altar of Ashenzari.
  5616 | D:5      | Found a stormy altar of Qazlal.
  5793 | D:4      | Reached skill level 5 in Spellcasting
  5989 | D:4      | Reached XP level 8. HP: 31/31 MP: 5/16
  6034 | D:4      | Paralysed by Grinder for 5 turns
  6048 | D:4      | Noticed Blork the orc
  6373 | D:2      | Killed Jessica
  6441 | D:3      | Killed Terence
  6524 | D:3      | Learned a level 5 spell: Agony
  6615 | D:4      | Killed Blork the orc
  6616 | D:4      | Reached skill level 1 in Evocations
  6638 | D:4      | Your ally Blork died
  6641 | D:4      | Killed Grinder
  7107 | D:6      | Found a runed translucent gate.
  7107 | D:6      | Found a runed translucent gate.
  7107 | D:6      | Found a runed translucent gate.
  7110 | D:6      | Noticed browni3141's ghost (novice HOFi)
  7132 | D:6      | Noticed Prince Ribbit
  7151 | D:6      | Killed Prince Ribbit
  7152 | D:6      | Reached skill level 1 in Unarmed Combat
  7673 | D:7      | Reached XP level 9. HP: 33/34 MP: 12/19
  8151 | D:7      | Found a staircase to the Ecumenical Temple.
  8293 | D:7      | Reached skill level 5 in Stealth
  8307 | D:7      | Reached skill level 10 in Necromancy
  8390 | Temple   | Entered the Ecumenical Temple
  8626 | Temple   | Became a worshipper of Kikubaaqudgha
  8705 | D:8      | Noticed a cyclops
  9684 | D:8      | Found a hazy altar of Hepliaklqana.
  9812 | D:8      | Reached skill level 5 in Evocations
 10036 | D:9      | Noticed a two-headed ogre
 10149 | D:9      | Killed a two-headed ogre
 10150 | D:9      | Reached skill level 1 in Fighting
 10399 | D:9      | Reached skill level 5 in Unarmed Combat
 10438 | D:9      | Reached * piety under Kikubaaqudgha
 10438 | D:9      | Received a gift from Kikubaaqudgha
 10503 | D:9      | Learned a level 2 spell: Passwall
 10509 | D:9      | Reached XP level 10. HP: 40/40 MP: 13/20
 10740 | D:9      | Found a staircase to the Lair.
 10747 | D:9      | Found a snail-covered altar of Cheibriados.
 11291 | D:10     | Entered Level 10 of the Dungeon
 11329 | D:10     | Noticed a two-headed ogre
 11400 | D:10     | Reached skill level 1 in Transmutations
 11578 | Lair:1   | Entered Level 1 of the Lair of Beasts
 12293 | Lair:2   | Reached skill level 10 in Stealth
 12764 | Lair:2   | Reached skill level 5 in Transmutations
 12856 | Lair:2   | Noticed a cane toad
 12871 | Lair:2   | Noticed a six-headed hydra
 12871 | Lair:2   | Noticed a black mamba
 12973 | Lair:2   | Noticed a cane toad
 12973 | Lair:2   | Noticed an eight-headed hydra
 12982 | Lair:2   | Reached ** piety under Kikubaaqudgha
 12983 | Lair:2   | Noticed a seven-headed hydra
 12995 | Lair:2   | Reached skill level 5 in Dodging
 13203 | Lair:2   | Killed a cane toad
 13229 | Lair:2   | Reached XP level 11. HP: 10/46 MP: 11/21
 13230 | Lair:2   | Killed a seven-headed hydra
 13231 | Lair:2   | Reached skill level 5 in Fighting
 13611 | Lair:2   | Killed a six-headed hydra
 14094 | Lair:2   | Noticed a death yak
 14094 | Lair:2   | Noticed a catoblepas
 14151 | Lair:2   | Found the +2 ratskin cloak {*Rats rPois rN+ Str-1 Int-1
                  | Dex+1}
 14504 | Lair:3   | Reached skill level 1 in Ice Magic
 14682 | Lair:3   | Found a staircase to the Shoals.
 15060 | Lair:3   | Gained mutation: Your thick and shaggy fur keeps you warm.
                  | (AC +3, rC+) [Felid growth]
 15060 | Lair:3   | Reached XP level 12. HP: 50/52 MP: 12/22
 15067 | Lair:3   | Learned a level 6 spell: Death Channel
 15118 | Lair:3   | Found a staircase to the Snake Pit.
 16681 | Lair:3   | Noticed a death yak
 16682 | Lair:3   | Noticed a death yak
 16682 | Lair:3   | Noticed a death yak
 16683 | Lair:3   | Noticed a death yak
 16684 | Lair:3   | Noticed a death yak
 16684 | Lair:3   | Noticed a death yak
 16692 | Lair:3   | Killed a death yak
 16757 | Lair:3   | Killed a death yak
 16896 | Lair:3   | Killed a death yak
 16899 | Lair:3   | Killed a death yak
 16900 | Lair:3   | Killed a death yak
 16904 | Lair:3   | Killed a death yak
 17279 | Lair:3   | Found a staircase to the Snake Pit.
 17300 | Lair:3   | Reached skill level 15 in Necromancy
 17775 | Lair:3   | Found a staircase to the Shoals.
 18787 | Lair:4   | Found a staircase to the Slime Pits.
 18844 | Lair:4   | Reached XP level 13. HP: 55/55 MP: 19/23
 19163 | Lair:2   | Reached skill level 5 in Ice Magic
 19733 | Lair:4   | Identified a scroll of acquirement
 19738 | Lair:5   | Entered Level 5 of the Lair of Beasts
 19953 | Lair:5   | Reached skill level 1 in Earth Magic
 20091 | Lair:5   | Found a runed translucent door.
 20091 | Lair:5   | Found a shimmering altar of Xom.
 20092 | Lair:5   | Noticed TANE's ghost (journeyman DsFE)
 20117 | Lair:5   | Noticed Sonja
 20118 | Lair:5   | Noticed Urug
 20126 | Lair:5   | Killed Sonja
 20129 | Lair:5   | Killed Urug
 20135 | Lair:5   | Found a frozen archway.
 20153 | IceCv    | Entered an ice cave
 20265 | IceCv    | Learned a level 5 spell: Borgnjor's Vile Clutch
 20868 | IceCv    | Got Sif Muna's Almanac of the Mortuary Fifth Circle
 21149 | Lair:5   | Reached *** piety under Kikubaaqudgha
 21149 | Lair:5   | Received a gift from Kikubaaqudgha
 21321 | Lair:5   | Learned a level 4 spell: Anguish
 21538 | Lair:5   | Reached skill level 10 in Spellcasting
 21540 | Lair:5   | Reached skill level 1 in Hexes
 21568 | Lair:5   | Noticed a fire dragon
 21579 | Lair:5   | Killed a fire dragon
 21596 | Lair:5   | Reached XP level 14. HP: 47/60 MP: 5/29
 21915 | Lair:5   | HP: 2/60 [guardian serpent/bolt of poison (23)]
 21919 | Lair:5   | Reached skill level 5 in Hexes
 23114 | D:10     | Found an iron altar of Okawaru.
 23181 | D:10     | Reached **** piety under Kikubaaqudgha
 23955 | D:10     | Found Omofiruu's Antique Weapon Emporium.
 24705 | D:10     | Reached skill level 10 in Dodging
 24712 | D:10     | Found a shimmering blue altar of Sif Muna.
 24868 | D:11     | Noticed Erica
 24877 | D:11     | Reached ***** piety under Kikubaaqudgha
 24880 | D:11     | Killed Erica
 24901 | D:11     | Noticed Nergalle
 25120 | D:11     | Identified the +5 ring mail "Asimom" {Rampage rF- Dex+2}
 25253 | D:11     | Found Rocyasae's Antique Weapon Shoppe.
 25548 | D:11     | Killed Nergalle
 25886 | D:11     | Found a staircase to the Orcish Mines.
 26069 | Orc:1    | Entered Level 1 of the Orcish Mines
 26375 | Orc:2    | Entered Level 2 of the Orcish Mines
 26751 | Orc:2    | Found Kouwnuid's Specific Store.
 26752 | Orc:2    | Found Xassuish's General Store.
 26767 | Orc:2    | Bought a potion of flight for 30 gold pieces
 26767 | Orc:2    | Bought a potion of resistance for 100 gold pieces
 26767 | Orc:2    | Bought 3 scrolls of teleportation for 90 gold pieces
 26887 | Orc:2    | Killed from afar by an orc priest
 26888 | Orc:2    | Reached XP level 13. HP: -1/58 MP: 3/28
 27014 | Orc:2    | Found a staircase to the Elven Halls.
 27169 | Orc:2    | HP: 1/58 [orc high priest/divine providence (12)]
 28161 | Orc:1    | Reached XP level 14. HP: 51/63 MP: 11/29
 28504 | Orc:2    | Found Viusk's Distillery.
 28504 | Orc:2    | Found Pily's Jewellery Boutique.
 28505 | Orc:2    | Found Noicabul's Antique Armour Shop.
 28510 | Orc:2    | Found Heomn's General Store.
 28524 | Orc:2    | Bought the ring "Jeull" {Wiz rPois rN+++ Int+4 Stlth-} for
                  | 899 gold pieces
 28527 | Orc:2    | Bought a potion of heal wounds for 70 gold pieces
 28527 | Orc:2    | Bought a potion of curing for 42 gold pieces
 28527 | Orc:2    | Bought a potion of mutation for 112 gold pieces
 28527 | Orc:2    | Bought a potion of curing for 42 gold pieces
 28527 | Orc:2    | Bought a potion of curing for 42 gold pieces
 28528 | Orc:2    | Bought a potion of heal wounds for 85 gold pieces
 28528 | Orc:2    | Bought a scroll of fog for 68 gold pieces
 28728 | Orc:2    | Found Kouwnuid's Specific Store.
 28733 | Orc:2    | Found Xassuish's General Store.
 28840 | Orc:2    | Found Noicabul's Antique Armour Shop.
 28840 | Orc:2    | Found Heomn's General Store.
 28841 | Orc:2    | Found Viusk's Distillery.
 28846 | Orc:2    | Found Pily's Jewellery Boutique.
 28871 | Orc:2    | Found a staircase to the Elven Halls.
 29192 | Orc:2    | Bought a potion of might for 56 gold pieces
 29192 | Orc:2    | Bought a potion of magic for 112 gold pieces
 29192 | Orc:2    | Bought a potion of resistance for 140 gold pieces
 29192 | Orc:2    | Bought 2 potions of magic for 224 gold pieces
 29192 | Orc:2    | Acquired the amulet "Okuqiz" {RegenMP rCorr Dex+2}
 29207 | Orc:2    | Bought a scroll of teleportation for 51 gold pieces
 29212 | Orc:2    | Learned a level 2 spell: Sublimation of Blood
 29378 | D:12     | Found a transporter.
 29425 | D:12     | Found a transporter.
 29425 | D:12     | Noticed Esyecac's ghost (journeyman GnWn)
 29630 | D:12     | Found a sacrificial altar of Ru.
 30963 | D:14     | Reached skill level 15 in Stealth
 31261 | D:14     | Learned a level 4 spell: Dispel Undead
 31355 | D:14     | Noticed an ironbound preserver
 31596 | D:14     | Killed an ironbound preserver
 31658 | D:14     | Reached ****** piety under Kikubaaqudgha
 31722 | D:14     | Found a gate to the Vaults.
 32154 | D:15     | Entered Level 15 of the Dungeon
 32669 | Orc:2    | Bought a ring of willpower for 325 gold pieces
 32894 | D:15     | Noticed a red very ugly thing
 32911 | D:15     | Killed a red very ugly thing
 33358 | D:15     | Found a staircase to the Depths.
 33429 | D:15     | Reached XP level 15. HP: 58/67 MP: 13/32
 33734 | D:15     | Noticed Roxanne
 34420 | Snake:1  | Entered Level 1 of the Snake Pit
 35292 | Snake:1  | Noticed a nagaraja
 35312 | Snake:1  | Learned a level 1 spell: Apportation
 36383 | Snake:2  | HP: 2/68 [shock serpent (17)]
 36383 | Snake:2  | Slain by a shock serpent
 36384 | Snake:2  | Reached XP level 14. HP: -2/64 MP: 24/31
 36848 | Snake:3  | Identified the +1 pair of boots "Keifubb" {*Slow rC- Regen+
                  | Int+5}
 39270 | Snake:3  | Reached XP level 15. HP: 50/69 MP: 22/33
 39381 | Snake:3  | Received a gift from Kikubaaqudgha
 39567 | Snake:4  | Entered Level 4 of the Snake Pit
 39594 | Snake:4  | Noticed Mara
 39605 | Snake:4  | Reached skill level 10 in Fighting
 40381 | Snake:4  | Noticed Aizul
 40401 | Snake:4  | Killed Aizul
 40896 | Shoals:1 | Entered Level 1 of the Shoals
 40910 | Shoals:1 | Acquired an Inescapable Atlas
 40915 | Shoals:1 | Learned a level 2 spell: Blink
 41000 | Shoals:1 | Hit by a javelin thrown by a merfolk javelineer
 41001 | Shoals:1 | Reached XP level 14. HP: -5/66 MP: 30/32
 44120 | Shoals:3 | Reached XP level 15. HP: 25/69 MP: 15/34
 44528 | Shoals:3 | Reached skill level 15 in Spellcasting
 44779 | Shoals:3 | Found a burning altar of Makhleb.
 45458 | Shoals:4 | Entered Level 4 of the Shoals
 45559 | Shoals:4 | Noticed a kraken
 45584 | Shoals:4 | HP: 3/69 [merfolk/+4 trident (28)]
 45586 | Shoals:4 | HP: 1/69 [poisoned by a merfolk impaler]
 45978 | Shoals:4 | Killed a kraken
 46009 | Shoals:4 | Got a barnacled rune of Zot
 46316 | Shoals:4 | Hit by a javelin thrown by a merfolk javelineer

Illustrated notes

Levels and vault maps discovered:
D:1:      saegor_arrival_under_anarchy, layout_loops_ring, serial_shops,
          nicolae_shop_statue_plus, minmay_misc_feat_plants
D:2:      kb_forest_paths, layout_basic, uniq_jessica, uniq_robin
D:3:      layout_basic, mainiacjoe_overflow_boulevard, grunt_gozag_statues,
          uniq_terence
D:4:      layout_cave_pools, uniq_grinder, uniq_blork_the_orc
D:5:      minmay_skewed_foursquare, layout_basic,
          nicolae_overflow_hidden_temple, mainiacjoe_overflow_big_doors,
          nicolae_overflow_squiral, gammafunk_ghost_hive,
          chequers_serial_rivers_micro_a
D:6:      layout_rooms, ebering_ghost_rock_garden, uniq_prince_ribbit1
D:7:      layout_loops_ring, overflow_temple_1_default,
          minmay_temple_entry_purple_smoke
D:8:      layout_gridville, mainiacjoe_overflow_alcove_1
D:9:      layout_basic, amcnicky_altar_gilded, lair_entry_dummy, serial_curves,
          eino_curves_04, eino_curves_01
D:10:     minmay_the_grid_4x2 [minmay_the_grid_x, minmay_the_grid_spikes,
          minmay_the_grid_outer_circle, minmay_the_grid_minigrid_small_alt,
          minmay_the_grid_stretched_grid, minmay_the_grid_slots,
          minmay_the_grid_holed_spiral, minmay_the_grid_prize_trominoes],
          layout_long_grid, mainiacjoe_overflow_tiny_flanked,
          kennysheep_orc_sif_temple, serial_shops, nicolae_take_the_stairs,
          serial_glass, glass_columns_a, glass_columns_a, glass_columns_a,
          glass_columns_b, grunt_decor_fettered
D:11:     layout_small_grid, erik_orc_2, serial_shops, shop_fountains,
          uniq_nergalle, uniq_erica
D:12:     layout_big_octagon, gammafunk_ghost_berserking_beasts,
          minmay_misc_feat_five, nicolae_ru_awakened_eye
D:13:     layout_basic
D:14:     layout_cave_pools, skrybe_vaults_entry_preservation,
          minmay_misc_feat_roman, kennysheep_crisscross
D:15:     gammafunk_enter_depths_forms, layout_loops_ring, chequers_arboretum,
          uniq_roxanne
Temple:   nicolae_temple_bog_church
Lair:1:   layout_chaotic_city
Lair:2:   nzn_winding_woodlands_large [nzn_winding_woodlands_5x5_open_star,
          nzn_winding_woodlands_5x15_eye, nzn_winding_woodlands_hourglass,
          nzn_winding_woodlands_center_diamonds,
          nzn_winding_woodlands_15x15_five_gardens,
          nzn_winding_woodlands_center_lodge,
          nzn_winding_woodlands_5x5_perimeter,
          nzn_winding_woodlands_5x15_concentric,
          nzn_winding_woodlands_5x5_three], layout_gridlike,
          infiniplex_staircase_pool_2
Lair:3:   layout_roguey [special_room_bee], shoals_dummy_entry,
          minmay_snake_entry_six_corridors, forest_entry_grove,
          lemuel_fruit_tree, serial_bayou_shore_a
Lair:4:   layout_gridlike, minmay_slime_entry_oklob_enclosed, grunt_megastairs_4
Lair:5:   guppyfry_lair_end_dragon, layout_misc_corridors,
          hangedman_lair_tendril_chambers, ebering_ghost_xom,
          portal_ice_cave_entry_imps, minivault_25, uniq_sonja, uniq_urug
Shoals:1: layout_shoals, nicolae_shoals_pincushion_passage
Shoals:2: layout_shoals
Shoals:3: layout_shoals, lemuel_centaur_altar
Shoals:4: shoals_end_hangedman, layout_shoals
Snake:1:  layout_misc_corridors, hangedman_snake_sidewinding
Snake:2:  layout_layer_cave, nicolae_snake_scaly_snakehead
Snake:3:  cheibrodos_snake_lava_hold, layout_cave_shapes
Snake:4:  grunt_snake_rune_pools, layout_basic, uniq_aizul, uniq_mara
Orc:1:    layout_caves
Orc:2:    st_orc_mages, layout_caves, nicolae_specific_store, rock_pile

Skill      XL: |  1  2  3  4  5  6  7  8  9 10 11 12 13 14 15 |
---------------+----------------------------------------------+-----
Necromancy     | 5 6 7 8 9 10 12 15 16 | 16.3
Spellcasting   | 3 4 5 6 10 14 15 | 15.6
Evocations     | 3 5 8 7 |  8.0
Stealth        | 4 8 10 15 16 | 16.0
Unarmed Combat | 1 5 8 |  8.0
Fighting       | 2 4 6 8 10 | 10.0
Transmutations | 5 |  5.0
Dodging        | 8 14 | 14.0
Ice Magic      | 4 6 |  6.0
Earth Magic    | 4 |  4.0
Hexes          | 4 6 |  6.0

Action                     |  1- 3 |  4- 6 |  7- 9 | 10-12 | 13-15 || total
---------------------------+-------+-------+-------+-------+-------++-------
  Melee: Unarmed           |     4 |    26 |    67 |   164 |   710 ||   971
         Bite              |     1 |     3 |    10 |    21 |   122 ||   157
         Punch             |       |       |     2 |     4 |    32 ||    38
   Cast: Necrotise         |    49 |   110 |   171 |   221 |    39 ||   590
         Animate Dead      |       |     2 |    13 |     9 |    21 ||    45
         Vampiric Draining |       |     4 |    23 |   103 |   202 ||   332
         Passwall          |       |       |     1 |       |    29 ||    30
         Agony             |       |       |       |     9 |    13 ||    22
         Death Channel     |       |       |       |     6 |    47 ||    53
         Borgnjor's Vile C |       |       |       |       |   395 ||   395
         Anguish           |       |       |       |       |    24 ||    24
         Dispel Undead     |       |       |       |       |     7 ||     7
         Apportation       |       |       |       |       |    11 ||    11
 Invoke: Unearth Wretches  |       |       |       |     9 |    15 ||    24
         Receive Forbidden |       |       |       |       |     1 ||     1
  Evoke: Wand              |       |       |    15 |    17 |    41 ||    73
         Box of beasts     |       |       |       |       |     4 ||     4
         Tin of tremorston |       |       |       |       |     3 ||     3
    Use: Scroll            |       |     4 |     8 |     4 |    29 ||    45
         Potion            |       |     2 |       |       |    18 ||    20
   Stab: Sleeping          |       |     1 |     4 |    15 |    48 ||    68
         Paralysed         |       |       |     6 |     8 |    10 ||    24
         Distracted        |       |       |     2 |     1 |    17 ||    20
         Invisible         |       |       |       |       |     5 ||     5
         Fleeing           |       |       |       |       |     1 ||     1
 Armour: Skin              |       |     8 |    13 |    17 |    43 ||    81
  Dodge: Dodged            |     7 |    31 |   145 |   407 |  1181 ||  1771
  Block: Other             |       |     9 |    37 |    98 |   156 ||   300
         Reflection        |       |       |       |     1 |    10 ||    11

Table legend: (Time is in decaauts)
 A = Elapsed time spent in this place.
 B = Non-inter-level travel time spent in this place.
 C = Inter-level travel time spent in this place.
 D = Time resting spent in this place.
 E = Time spent auto-exploring this place.
 F = Levels seen in this place.
 G = Mean time per level.
                   A        B        C        D        E       F      G
               +--------+--------+--------+--------+--------+-----+--------+
         Total |  41639 |  39191 |   2448 |  11048 |  17463 |  32 | 1301.2 |
       Dungeon |  17058 |  15700 |   1358 |   2420 |   8506 |  15 | 1137.2 |
        Temple |    209 |    179 |     30 |      0 |    167 |   1 |  209.0 |
          Lair |   9602 |   9098 |    504 |   2437 |   4174 |   5 | 1920.4 |
        Shoals |   5218 |   5150 |     68 |   2200 |   1656 |   4 | 1304.5 |
     Snake Pit |   5860 |   5591 |    269 |   2690 |   1672 |   4 | 1465.0 |
  Orcish Mines |   2952 |   2736 |    216 |    805 |   1284 |   2 | 1476.0 |
      Ice Cave |    736 |    736 |      0 |    494 |      2 |   1 |  736.0 |
               +--------+--------+--------+--------+--------+-----+--------+

Top non-repeatable levels by time:
  Lair:3: 3018 daAuts
 Snake:3: 2821 daAuts
  Lair:2: 2769 daAuts
   Orc:2: 2181 daAuts
     D:2: 2146 daAuts
Shoals:1: 1855 daAuts
  Lair:5: 1757 daAuts
    D:10: 1687 daAuts
    D:15: 1572 daAuts
Shoals:3: 1569 daAuts
     D:9: 1471 daAuts
  Lair:4: 1313 daAuts
     D:7: 1254 daAuts
 Snake:1: 1228 daAuts
    D:11: 1224 daAuts
